[ AOE2 MATCH · #506204821 ]
UnrankedSicilians vs Mongols
Player's team · WIN
Rival team · LOSS
[ REPLAY ANALYSIS · EXTRACTED FROM THE RECORDED GAME ]
Feudal
18:52
Castle
—
Imperial
—
| APM avg | 36.9 |
| APM peak | 143 |
| eAPM avg | 20.2 |
| Villagers / military | 33 / 13 |
Focus
⚔️ 24.5% · 🌾 75.5%
Serjeant ×8 · Scout Cavalry ×5
Feudal
10:23
Castle
25:54
Imperial
—
| APM avg | 26.0 |
| APM peak | 55 |
| eAPM avg | 13.3 |
| Villagers / military | 22 / 11 |
Focus
⚔️ 15.5% · 🌾 84.5%
Archer ×9 · Militia ×2
Match map
Initial resources + every placement click. Lines = walls · curves = elevation contours. ◆ gold · ⬟ stone · ● berries · ✦ relic · ◌ wall gap
Your base· Open — 10t gap
El_Manu>CL<'s base· Open — 4t gap
Smoothed initial terrain · ◌ = detected wall gap · hover for details
Inputs per minute
— Papapishu8352 - - El_Manu>CL<
Build order — Papapishu8352
86 actions detected in the replay
| 0:00 | Queue | Villager (Male) |
| 0:01 | Queue | Villager (Male) |
| 0:01 | Queue | Villager (Male) |
| 0:02 | Queue | Villager (Male) |
| 0:04 | Build | House |
| 0:06 | Build | House |
| 0:12 | Research | Loom |
| 0:38 | Queue | Villager (Male) |
| 0:38 | Queue | Villager (Male) |
| 1:30 | Queue | Villager (Male) |
| 1:55 | Queue | Villager (Male) |
| 2:40 | Queue | Villager (Male) |
| 3:07 | Queue | Villager (Male) |
| 3:25 | Queue | Villager (Male) |
| 3:44 | Build | House |
| 3:52 | Build | Palisade Wall |
| 4:08 | Build | Lumber Camp |
| 4:09 | Queue | Villager (Male) |
| 4:29 | Queue | Villager (Male) |
| 5:05 | Queue | Villager (Male) |
| 5:05 | Queue | Villager (Male) |
| 5:29 | Queue | Villager (Male) |
| 6:05 | Queue | Villager (Male) |
| 6:09 | Queue | Villager (Male) |
| 6:53 | Queue | Villager (Male) |
| 7:20 | Queue | Villager (Male) |
| 8:38 | Build | Town Center |
| 8:44 | Build | Town Center |
| 8:49 | Build | Town Center |
| 9:30 | Queue | Villager (Male) |
| 9:40 | Build | House |
| 10:01 | Queue | Villager (Male) |
| 10:24 | Queue | Villager (Male) |
| 10:36 | Build | Palisade Gate |
| 10:37 | Build | Palisade Wall |
| 10:41 | Build | Palisade Gate |
| 10:45 | Build | Palisade Wall |
| 11:02 | Queue | Villager (Male) |
| 11:50 | Build | Palisade Gate |
| 11:55 | Build | House |
| 12:23 | Build | Town Center |
| 12:28 | Build | House |
| 13:13 | Build | Mill |
| 14:46 | Build | Town Center |
| 14:59 | Build | Town Center |
| 15:09 | Build | Town Center |
| 16:42 | Research | Feudal Age |
| 17:25 | Build | Mining Camp |
| 18:42 | Queue | Villager (Male) |
| 18:52 | Age | Feudal Age |
| 19:00 | Build | Donjon |
| 19:12 | Queue | Villager (Male) |
| 19:15 | Build | Palisade Wall |
| 19:28 | Queue | Villager (Male) |
| 20:10 | Build | Stable |
| 20:15 | Queue | Serjeant |
| 20:16 | Queue | Serjeant |
| 20:24 | Build | Mining Camp |
| 20:28 | Queue | Villager (Male) |
| 21:00 | Build | Mill |
| 21:13 | Queue | Scout Cavalry |
| 21:32 | Queue | Villager (Male) |
| 22:36 | Queue | Scout Cavalry |
| 23:03 | Build | Market |
| 24:42 | Queue | Scout Cavalry |
| 24:46 | Queue | Villager (Male) |
| 25:30 | Queue | Scout Cavalry |
| 25:46 | Build | House |
| 26:55 | Research | Double-Bit Axe |
| 27:22 | Build | Donjon |
| 27:27 | Queue | Serjeant |
| 28:08 | Build | Mining Camp |
| 28:24 | Build | Mill |
| 28:40 | Queue | Villager (Male) |
| 29:02 | Queue | Serjeant |
| 29:22 | Build | Donjon |
| 29:58 | Queue | Serjeant |
| 30:40 | Build | Town Center |
| 30:44 | Queue | Serjeant |
| 31:14 | Build | Donjon |
| 31:50 | Queue | Scout Cavalry |
| 31:52 | Queue | Serjeant |
| 32:27 | Queue | Villager (Male) |
| 33:23 | Queue | Villager (Male) |
| 33:42 | Queue | Serjeant |
| 35:36 | Build | Town Center |
Build order — El_Manu>CL<
71 actions detected in the replay
| 0:03 | Queue | Villager (Male) |
| 0:04 | Queue | Villager (Male) |
| 0:04 | Queue | Villager (Male) |
| 0:05 | Build | House |
| 0:07 | Build | House |
| 0:09 | Queue | Villager (Male) |
| 1:40 | Queue | Villager (Male) |
| 2:01 | Queue | Villager (Male) |
| 2:40 | Queue | Villager (Male) |
| 2:42 | Queue | Villager (Male) |
| 2:57 | Research | Loom |
| 3:10 | Queue | Villager (Male) |
| 3:52 | Queue | Villager (Male) |
| 3:52 | Queue | Villager (Male) |
| 4:14 | Build | Lumber Camp |
| 4:38 | Queue | Villager (Male) |
| 4:38 | Queue | Villager (Male) |
| 4:48 | Build | House |
| 4:50 | Build | House |
| 5:46 | Queue | Villager (Male) |
| 5:47 | Queue | Villager (Male) |
| 5:47 | Queue | Villager (Male) |
| 5:47 | Queue | Villager (Male) |
| 5:48 | Queue | Villager (Male) |
| 6:36 | Build | Mill |
| 7:53 | Research | Feudal Age |
| 8:33 | Build | House |
| 8:40 | Build | Barracks |
| 8:53 | Build | House |
| 10:23 | Age | Feudal Age |
| 10:26 | Build | Barracks |
| 12:06 | Build | House |
| 12:09 | Build | House |
| 12:56 | Build | Lumber Camp |
| 13:10 | Queue | Militia |
| 13:11 | Queue | Militia |
| 13:14 | Build | House |
| 14:48 | Build | Mining Camp |
| 14:54 | Build | House |
| 14:59 | Build | Blacksmith |
| 15:55 | Build | Lumber Camp |
| 18:06 | Build | Town Center |
| 20:01 | Build | Mining Camp |
| 22:05 | Build | Blacksmith |
| 22:09 | Build | Market |
| 23:07 | Build | Mill |
| 23:15 | Research | Castle Age |
| 23:33 | Build | Archery Range |
| 24:52 | Queue | Archer |
| 24:53 | Queue | Archer |
| 24:53 | Queue | Archer |
| 24:53 | Queue | Archer |
| 25:29 | Build | Mining Camp |
| 25:46 | Queue | Villager (Male) |
| 25:54 | Age | Castle Age |
| 26:27 | Queue | Archer |
| 27:13 | Queue | Archer |
| 27:13 | Queue | Archer |
| 27:32 | Build | House |
| 28:24 | Build | Town Center |
| 28:31 | Queue | Archer |
| 28:31 | Queue | Archer |
| 28:44 | Build | Farm |
| 30:53 | Build | Farm |
| 30:53 | Build | Farm |
| 30:54 | Build | Farm |
| 30:54 | Build | Farm |
| 31:45 | Queue | Villager (Male) |
| 32:47 | Queue | Villager (Male) |
| 32:48 | Queue | Villager (Male) |
| 33:17 | Build | Farm |
Match timeline
| 3:52 | Papapishu8352 · wall_segment Palisade Wall x1 |
| 8:40 | El_Manu>CL< · first_building Barracks |
| 10:23 | El_Manu>CL< · age_up feudal |
| 10:37 | Papapishu8352 · wall_segment Palisade Wall x2 |
| 10:45 | Papapishu8352 · wall_segment Palisade Wall x3 |
| 18:52 | Papapishu8352 · age_up feudal |
| 19:00 | Papapishu8352 · first_building Donjon |
| 19:15 | Papapishu8352 · wall_segment Palisade Wall x1 |
| 20:10 | Papapishu8352 · first_building Stable |
| 23:33 | El_Manu>CL< · first_building Archery Range |
| 25:43 | Papapishu8352 · first_market_sell 100 wood |
| 25:54 | El_Manu>CL< · age_up castle |
| 30:20 | Papapishu8352 · first_market_buy 100 stone |
| 35:45 | El_Manu>CL< · resign |
[ AI ANALYSIS · 1 CREDIT ]
What really happened in this match?
Wolo.gg analyzes every decision: build order, eco, micro, common mistakes by bracket. Personalized analysis on WhatsApp or Discord in 30 seconds.
Civ guide
Sicilians
Perfil
Jugador #19470619